 Dungeon Sprint DCSS version 0.22-a0-110-g5b255cf (webtiles) character file.

520411 theanonym the Conqueror (level 21, -3/219 HPs)
             Began as a Deep Dwarf Fighter on Jan 27, 2018.
             Was the Champion of the Shining One.
             Slain by Antaeus (19 damage)
             ... in the Dungeon (Sprint IX: "|||||||||||||||||||||||||||||").
             The game lasted 00:31:52 (8148 turns).

theanonym the Conqueror (Deep Dwarf Fighter)        Turns: 8148, Time: 00:31:53

Health: -3/219     AC: 29    Str: 33    XL:     21   Next: 45%
Magic:  27/27      EV: 35    Int: 11    God:    the Shining One [******]
Gold:   1550       SH: 29    Dex: 16    Spells: 74/74 levels left

rFire    + . .     SeeInvis .   b - +9 broad axe (holy)
rCold    + . .     Gourm    .   R - +0 large shield {AC+3}
rNeg     + + +     Faith    .   A - +0 ice dragon scales {11 rC++ rF-}
rPois    .         Spirit   .   z - +0 helmet
rElec    +         Reflect  .   y - +2 cloak {MR+} {MR+}
rCorr    .         Harm     .   I - +0 pair of gloves {archery}
MR       +++++     Rnd*Rage +   J - +0 pair of boots {Stlth+} Stlth ++++......NoTele +
                                c - amulet "Seussu" {Regen+ Dex+3}
HPRegen  0.00/turn              B - ring of protection from fire {rF+}
MPRegen  0.20/turn              r - ring "Diem" {Fire +Blink rElec MR++}

@: mighty, agile, non-regenerating, hasted, glowing, silenced, very quick
A: damage resistance, heal wounds, berserk 1, clumsy 2, deformed body, frail 1,
high mp 1, negative energy resistance 1, sense surroundings 3, no regeneration
}: 9/15 runes: decaying, serpentine, barnacled, slimy, elven, silver, golden,
abyssal, gossamer
a: Heal Wounds, Renounce Religion, Evoke Blink


Innate Abilities, Weirdness & Mutations

You are resistant to damage.
You can heal yourself by infusing magical energy.
You resist negative energy. (rN+)
You passively map a large area around you.
You do not regenerate.
You tend to lose your temper in combat.
You are very clumsy. (Dex -4)
Armour fits poorly on your strangely shaped body.
You are frail. (-10% HP)
You have an increased reservoir of magic. (+10% MP)


   Skills:
 O Level 27 Fighting
 O Level 27 Axes
 + Level 14.5 Throwing
 O Level 27 Armour
 O Level 27 Dodging
 * Level 25.7 Stealth
 O Level 27 Shields
 + Level 14.5 Unarmed Combat
 O Level 27 Spellcasting
 O Level 27 Invocations
 O Level 27 Evocations


You had 74 spell levels left.
You didn't know any spells.

Skill      XL: |  1  2  3  4  5  6  7  8  9 10 11 12 13 14 15 16 17 18 19 20 21 |
---------------+----------------------------------------------------------------+-----
Fighting       | 3 4 5 7 9 10 11 12 15 18 21 24 26 27 | 27.0
Axes           | 3 5 6 7 9 12 14 15 17 18 22 27 | 27.0
Armour         | 4 5 6 7 9 10 11 13 15 16 18 20 23 27 | 27.0
Shields        | 4 5 6 7 9 10 11 13 14 16 18 20 22 24 25 26 27 | 27.0
Invocations    | 3 8 12 15 18 21 24 26 27 | 27.0
Dodging        | 1 12 16 23 27 | 27.0
Spellcasting   | 9 25 27 | 27.0
Evocations     | 27 | 27.0
Throwing       | 9 14 | 14.5
Stealth        | 17 25 | 25.7
Unarmed Combat | 9 14 | 14.5

Action                   |  1- 3 |  4- 6 |  7- 9 | 10-12 | 13-15 | 16-18 | 19-21 || total
-------------------------+-------+-------+-------+-------+-------+-------+-------++-------
Melee: War axe           |    32 |    24 |    50 |   274 |       |       |       ||   380
       Broad axe         |       |       |       |    90 |   750 |  1014 |   660 ||  2514
Throw: Throwing net      |       |       |       |       |       |       |     2 ||     2
Invok: Divine Shield     |       |       |       |    11 |    11 |    13 |     6 ||    41
       Brand Weapon With |       |       |       |     1 |       |       |       ||     1
       Cleansing Flame   |       |       |       |       |     3 |     3 |    27 ||    33
       Summon Divine War |       |       |       |       |     1 |       |     5 ||     6
 Abil: Heal Wounds       |     2 |     1 |     4 |     9 |    24 |    17 |    65 ||   122
Evoke: Wand              |       |     3 |     6 |       |       |       |     1 ||    10
  Use: Potion            |     1 |       |       |       |     4 |       |    22 ||    27
       Scroll            |       |       |       |     5 |     7 |     3 |     4 ||    19
  Eat: Chunk             |       |       |       |     4 |     4 |     1 |     8 ||    17
       Ration            |       |       |       |       |     1 |     4 |     1 ||     6
Armor: Scale mail        |    11 |       |       |       |       |       |       ||    11
       Chain mail        |       |    28 |    18 |    32 |       |       |       ||    78
       Plate armour      |       |       |       |    30 |   135 |    47 |       ||   212
       Ice dragon scales |       |       |       |       |       |    19 |    89 ||   108
Dodge: Dodged            |    12 |     6 |    16 |    39 |    74 |   115 |   139 ||   401
Block: Shield            |    14 |    23 |    29 |   203 |       |       |       ||   269
       Large shield      |       |       |       |    47 |   775 |   718 |   590 ||  2130

Inventory:

Hand Weapons
 a - the +8 mithril axe "Arga" {speed, MR+}
   (You found it in the Dungeon)

   Attacks with this weapon are significantly faster.
   It affects your resistance to hostile enchantments.
 b - a +9 broad axe of holy wrath (weapon)
   (You found it in the Dungeon)
Armour
 l - a +0 cloak
   (You found it in the Dungeon)
 n - a +4 plate armour of cold resistance {rC+18}
   (You found it in the Dungeon)
 x - a +2 plate armour of fire resistance {18}
   (You took it off a vault guard in the Dungeon)
 y - a +2 cloak of magic resistance (worn) {MR+}
   (You took it off Nikola in the Dungeon)
 z - a +0 helmet (worn)
   (You found it in the Dungeon)
 A - +0 ice dragon scales (worn) {11 rC++ rF-}
   (You found it in the Dungeon)
 C - a +1 cloak
   (You took it off a draconian shifter in the Dungeon)
 D - a +1 cloak
   (You took it off a draconian shifter in the Dungeon)
 E - a +2 cloak
   (You took it off a draconian scorcher in the Dungeon)
 I - a +0 pair of gloves of archery (worn)
   (You found it in the Dungeon)
 J - a +0 pair of boots of stealth (worn)
   (You found it in the Dungeon)
 R - a +0 large shield of protection (worn)
   (You found it in the Dungeon)
Jewellery
 c - the amulet "Seussu" (around neck) {Regen+ Dex+3}
   (You found it in the Dungeon)

   [amulet of regeneration]

   It affects your dexterity (+3).
   It increases your rate of regeneration.
 k - the ring of Xadialuc {MR+ Int+3 Dex+7}
   (You found it in the Dungeon)

   [ring of intelligence]

   It affects your intelligence (+3).
   It affects your dexterity (+7).
   It affects your resistance to hostile enchantments.
 m - the ring of Balance {Ice rElec Str+2 Slay-5}
   (You found it in the Dungeon)

   [ring of ice]

   It enhances your ice magic.
   It affects your strength (+2).
   It affects your accuracy and damage with ranged weapons and melee attacks
   (-5).
   It makes you vulnerable to fire.
   It protects you from cold.
   It insulates you from electricity.
 r - the ring "Diem" (right hand) {Fire +Blink rElec MR++}
   (You found it in the Dungeon)

   [ring of fire]

   It enhances your fire magic.
   It protects you from fire.
   It makes you vulnerable to cold.
   It insulates you from electricity.
   It affects your resistance to hostile enchantments.
   It lets you blink.
 B - a ring of protection from fire (left hand) {rF+}
   (You found it in the Dungeon)
 V - the ring of Dixada {Wiz Str+5 Int+4}
   (You found it in the Dungeon)

   [ring of wizardry]

   It improves your spell success rate.
   It affects your strength (+5).
   It affects your intelligence (+4).
 X - the amulet of Geleduz {+Rage rN+ MR+ Dex-4}
   (You found it in the Dungeon)

   [amulet of rage]

   It affects your dexterity (-4).
   It protects you from negative energy.
   It affects your resistance to hostile enchantments.
   It lets you go berserk.
 Z - the ring "Peamuoruge" {rPois rN+ Dex+3 Slay-3 Stlth+}
   (You found it in the Dungeon)

   [ring of dexterity]

   It affects your dexterity (+3).
   It affects your accuracy and damage with ranged weapons and melee attacks
   (-3).
   It protects you from poison.
   It protects you from negative energy.
   It makes you more stealthy.
Wands
 W - a wand of enslavement (13)
   (You took it off a vault sentinel in the Dungeon)
Scrolls
 f - 2 scrolls of fog
 g - 10 scrolls of remove curse
 j - 2 scrolls of amnesia
 p - a scroll of enchant weapon
 L - 2 scrolls of immolation
 N - 7 scrolls of blinking
 S - 4 scrolls of fear
Potions
 d - 2 potions of might
 h - 6 potions of haste
 i - 2 potions of magic
 s - 3 potions of brilliance
 w - 4 potions of curing
 K - 2 potions of agility
Comestibles
 e - 5 rations You were in the Dungeon. You worshipped the Shining One. The Shining One was exalted by your worship. You were not hungry. You visited 1 branch You collected 1940 gold pieces. You spent 390 gold pieces at shops.

Dungeon Overview and Level Annotations

Branches:
Dungeon (1/1)

Altars:
Cheibriados
Dithmenos
Elyvilon
Fedhas
Gozag
Hepliaklqana
Kikubaaqudgha
Makhleb
Nemelex Xobeh
Okawaru
Qazlal
Ru
Sif Muna
Trog
Uskayaw
Vehumet
Wu Jian
Xom
Yredelemnul
Zin
The Shining One
Beogh
Jiyva
Lugonu

Shops:
D [:?(

Annotations:
D Antaeus, Ereshkigal, Mnoleg

*********▓▓▓▓▓▓▓▓▓▓▓▓▓▓▓▓▓▓▓▓▓▓▓▓
,,,,,,,,,XXXX&&C@'...............
▓▓▓▓▓▓▓▓▓▓▓▓▓▓▓▓▓▓▓▓▓▓▓▓▓▓▓▓▓▓▓▓▓
.................................
▓▓▓▓▓▓▓▓▓▓▓▓▓▓▓▓▓▓▓▓▓▓▓▓▓▓▓▓▓▓▓▓▓
..........)'.........'.........'.
▓▓▓▓▓▓▓▓▓▓▓▓▓▓▓▓▓▓▓▓▓▓▓▓▓▓▓▓▓▓▓▓▓
.................................
▓▓▓▓▓▓▓▓▓▓▓▓▓▓▓▓▓▓▓▓▓▓▓▓▓▓▓▓▓▓▓▓▓
..................'..........))()


You could see Antaeus, Ereshkigal, Mnoleg and 4 large abominations.

Notes
Turn   | Place    | Note
-------+----------+-------------------------------------------
     0 | D        | theanonym the Deep Dwarf Fighter began the quest for the Orb.
     0 | D        | Reached XP level 1. HP: 20/20 MP: 1/1
    26 | D        | Reached skill level 3 in Fighting
    26 | D        | Reached skill level 3 in Axes
    33 | D        | Noticed an orc priest
    33 | D        | HP: 9/21 [orc priest/divine providence (8)]
    35 | D        | Reached skill level 4 in Armour
    35 | D        | Reached skill level 4 in Shields
    35 | D        | Reached XP level 2. HP: 18/28 MP: 2/2
    36 | D        | Reached skill level 4 in Axes
    40 | D        | Reached skill level 5 in Axes
    40 | D        | Reached XP level 3. HP: 15/36 MP: 3/3
   185 | D        | Found a roughly hewn altar of Beogh.
   185 | D        | Found a snail-covered altar of Cheibriados.
   185 | D        | Found a shadowy altar of Dithmenos.
   185 | D        | Found a white marble altar of Elyvilon.
   185 | D        | Found a blossoming altar of Fedhas.
   185 | D        | Found an opulent altar of Gozag.
   186 | D        | Found a hazy altar of Hepliaklqana.
   187 | D        | Found a viscous altar of Jiyva.
   188 | D        | Found an ancient bone altar of Kikubaaqudgha.
   189 | D        | Found a corrupted altar of Lugonu.
   190 | D        | Found a burning altar of Makhleb.
   191 | D        | Found a sparkling altar of Nemelex Xobeh.
   192 | D        | Found an iron altar of Okawaru.
   193 | D        | Found a stormy altar of Qazlal.
   194 | D        | Found a sacrificial altar of Ru.
   195 | D        | Found a deep blue altar of Sif Muna.
   196 | D        | Found a bloodstained altar of Trog.
   197 | D        | Found a hide-covered altar of Uskayaw.
   198 | D        | Found a radiant altar of Vehumet.
   199 | D        | Found an ornate altar of the Wu Jian Council.
   200 | D        | Found a shimmering altar of Xom.
   201 | D        | Found a basalt altar of Yredelemnul.
   202 | D        | Found a glowing silver altar of Zin.
   203 | D        | Found a glowing golden altar of the Shining One.
   211 | D        | Became a worshipper of the Shining One
   269 | D        | Noticed a crocodile
   269 | D        | Noticed a bullfrog
   269 | D        | Reached * piety under the Shining One
   269 | D        | Reached ** piety under the Shining One
   269 | D        | Noticed a big kobold
   273 | D        | Killed a big kobold
   273 | D        | Reached skill level 4 in Fighting
   273 | D        | Reached skill level 6 in Axes
   273 | D        | Reached skill level 5 in Armour
   273 | D        | Reached skill level 5 in Shields
   273 | D        | Reached XP level 4. HP: 45/45 MP: 4/4
   274 | D        | Reached skill level 7 in Axes
   274 | D        | Reached skill level 6 in Armour
   274 | D        | Reached skill level 6 in Shields
   274 | D        | Reached XP level 5. HP: 40/51 MP: 5/5
   276 | D        | Reached skill level 5 in Fighting
   277 | D        | Reached *** piety under the Shining One
   280 | D        | Reached skill level 8 in Axes
   283 | D        | Killed a crocodile
   283 | D        | Reached skill level 9 in Axes
   283 | D        | Reached skill level 7 in Armour
   283 | D        | Reached skill level 7 in Shields
   283 | D        | Reached XP level 6. HP: 49/62 MP: 6/6
   293 | D        | Noticed an eight-headed hydra
   293 | D        | Noticed an ice beast
   293 | D        | Noticed a yak
   293 | D        | Noticed a soldier ant
   293 | D        | Reached **** piety under the Shining One
   299 | D        | Killed a soldier ant
   299 | D        | Reached skill level 6 in Fighting
   299 | D        | Reached skill level 10 in Axes
   307 | D        | HP: 28/63 [14-headed hydra (8)]
   307 | D        | HP: 10/63 [14-headed hydra (9)]
   316 | D        | Killed a 14-headed hydra
   316 | D        | Reached skill level 7 in Fighting
   316 | D        | Reached skill level 12 in Axes
   316 | D        | Reached skill level 9 in Armour
   316 | D        | Reached skill level 9 in Shields
   316 | D        | Reached XP level 7. HP: 12/73 MP: 7/7
   316 | D        | Reached XP level 8. HP: 13/81 MP: 8/8
   316 | D        | Reached skill level 8 in Fighting
   467 | D        | Noticed a seven-headed hydra
   473 | D        | Reached skill level 13 in Axes
   473 | D        | Reached skill level 10 in Armour
   473 | D        | Reached skill level 10 in Shields
   476 | D        | Noticed a hippogriff
   476 | D        | Reached ***** piety under the Shining One
   477 | D        | Killed a seven-headed hydra
   477 | D        | Reached skill level 9 in Fighting
   477 | D        | Reached skill level 14 in Axes
   477 | D        | Gained mutation: You passively map the area around you. [Deep Dwarf growth]
   477 | D        | Reached XP level 9. HP: 71/91 MP: 8/8
   477 | D        | Reached skill level 11 in Armour
   481 | D        | Reached skill level 11 in Shields
   514 | D        | Noticed a komodo dragon
   514 | D        | Noticed a spiny frog
   515 | D        | Noticed a black mamba
   519 | D        | Noticed a spiny frog
   521 | D        | Reached skill level 15 in Axes
   521 | D        | Reached skill level 1 in Invocations
   523 | D        | Killed a spiny frog
   523 | D        | Reached skill level 2 in Invocations
   531 | D        | Killed a komodo dragon
   531 | D        | Reached skill level 10 in Fighting
   531 | D        | Reached skill level 3 in Invocations
   531 | D        | Reached XP level 10. HP: 70/102 MP: 7/10
   538 | D        | Killed a black mamba
   538 | D        | Reached skill level 4 in Invocations
   551 | D        | Killed a spiny frog
   551 | D        | Reached skill level 12 in Armour
   551 | D        | Reached skill level 12 in Shields
   595 | D        | Noticed a dire elephant
   595 | D        | Noticed an elephant
   595 | D        | Noticed a dire elephant
   595 | D        | Noticed an elephant
   595 | D        | Noticed an elephant
   595 | D        | Noticed an elephant
   600 | D        | Killed an elephant
   600 | D        | Reached skill level 16 in Axes
   600 | D        | Reached skill level 5 in Invocations
   613 | D        | Killed a dire elephant
   613 | D        | Reached skill level 6 in Invocations
   620 | D        | Noticed an elephant
   620 | D        | Reached ****** piety under the Shining One
   637 | D        | Killed a dire elephant
   637 | D        | Reached skill level 7 in Invocations
   641 | D        | Killed an elephant
   641 | D        | Reached skill level 11 in Fighting
   650 | D        | Killed an elephant
   650 | D        | Reached skill level 17 in Axes
   650 | D        | Reached skill level 13 in Armour
   657 | D        | Killed an elephant
   657 | D        | Reached skill level 13 in Shields
   657 | D        | Reached skill level 8 in Invocations
   657 | D        | Reached XP level 11. HP: 83/111 MP: 9/13
   744 | D        | Noticed Psyche
   751 | D        | Killed Psyche
   822 | D        | Noticed a stone giant
   836 | D        | HP: 52/111 [stone giant (15)]
   847 | D        | Killed a stone giant
   847 | D        | Reached skill level 9 in Invocations
   929 | D        | Noticed an orc high priest
   929 | D        | Noticed an orc knight
   952 | D        | Killed an orc knight
   952 | D        | Reached skill level 18 in Axes
   962 | D        | Reached skill level 10 in Invocations
   963 | D        | Noticed an orc knight
   968 | D        | Killed an orc high priest
   980 | D        | Killed an orc knight
   980 | D        | Reached skill level 12 in Fighting
   980 | D        | Reached skill level 14 in Armour
   980 | D        | Reached skill level 14 in Shields
  1022 | D        | Found Hautod's Antique Weapon Boutique.
  1022 | D        | Noticed an ogre mage
  1022 | D        | Noticed a deep troll
  1022 | D        | Noticed an ogre mage
  1022 | D        | Noticed a deep troll
  1022 | D        | Noticed a deep troll
  1024 | D        | Noticed an ogre mage
  1030 | D        | Killed a deep troll
  1030 | D        | Reached skill level 11 in Invocations
  1031 | D        | Noticed a deep troll
  1035 | D        | Killed a deep troll
  1040 | D        | Killed an ogre mage
  1047 | D        | Killed a deep troll
  1053 | D        | Killed an ogre mage
  1053 | D        | Reached skill level 12 in Invocations
  1057 | D        | Killed an ogre mage
  1057 | D        | Reached skill level 15 in Armour
  1057 | D        | Reached XP level 12. HP: 122/123 MP: 17/17
  1066 | D        | Reached skill level 15 in Shields
  1067 | D        | Found Xiqos's Magic Scroll Shop.
  1070 | D        | Reached skill level 13 in Fighting
  1073 | D        | Found Qazil's Book Boutique.
  1075 | D        | Found Kaowam's Armour Shop.
  1080 | D        | Noticed a stone giant
  1084 | D        | Noticed an ogre mage
  1086 | D        | Noticed an ogre mage
  1093 | D        | Killed a stone giant
  1093 | D        | Reached skill level 13 in Invocations
  1103 | D        | Killed an ogre mage
  1108 | D        | Killed an ogre mage
  1113 | D        | Bought a scroll of enchant armour for 75 gold pieces
  1113 | D        | Bought a scroll of enchant weapon for 75 gold pieces
  1113 | D        | Bought a scroll of identify for 20 gold pieces
  1113 | D        | Bought a scroll of enchant weapon for 75 gold pieces
  1113 | D        | Bought a scroll of enchant weapon for 75 gold pieces
  1115 | D        | Bought a scroll of immolation for 35 gold pieces
  1116 | D        | Bought a scroll of immolation for 35 gold pieces
  1221 | D        | Noticed Urug
  1235 | D        | Killed Urug
  1235 | D        | Reached skill level 14 in Fighting
  1260 | D        | Found the +8 mithril axe "Arga" {speed, MR+}
  1394 | D        | Identified a +8 broad axe of holy wrath (a +6 broad axe of venom blessed by the Shining One)
  1394 | D        | Received a gift from the Shining One
  1424 | D        | Noticed a vampire mage
  1427 | D        | Reached skill level 14 in Invocations
  1437 | D        | Noticed a great orb of eyes
  1456 | D        | Reached skill level 16 in Armour
  1457 | D        | Noticed a centaur warrior
  1460 | D        | Killed a vampire mage
  1467 | D        | Killed a great orb of eyes
  1485 | D        | Killed a centaur warrior
  1485 | D        | Reached skill level 15 in Fighting
  1579 | D        | Noticed Donald
  1598 | D        | Killed Donald
  1598 | D        | Reached skill level 15 in Invocations
  1627 | D        | Noticed a merfolk aquamancer
  1627 | D        | Noticed a merfolk avatar
  1628 | D        | Noticed an alligator snapping turtle
  1642 | D        | Killed a merfolk avatar
  1642 | D        | Reached skill level 16 in Shields
  1642 | D        | Reached XP level 13. HP: 119/139 MP: 20/20
  1686 | D        | Reached skill level 16 in Fighting
  1686 | D        | Reached skill level 17 in Armour
  1718 | D        | Reached skill level 16 in Invocations
  1797 | D        | Reached skill level 17 in Fighting
  1797 | D        | Reached skill level 17 in Shields
  1824 | D        | Noticed an entropy weaver
  1824 | D        | Noticed a spark wasp
  1846 | D        | Killed a spark wasp
  1846 | D        | Reached skill level 17 in Invocations
  1862 | D        | Killed an entropy weaver
  1877 | D        | Reached skill level 18 in Armour
  1989 | D        | Noticed a fire dragon
  1989 | D        | Noticed a cyan very ugly thing
  1990 | D        | Noticed a lich
  1995 | D        | Killed a cyan very ugly thing
  2012 | D        | Killed a fire dragon
  2018 | D        | Killed a lich
  2018 | D        | Reached skill level 18 in Fighting
  2023 | D        | Reached skill level 18 in Invocations
  2034 | D        | Noticed an ettin
  2042 | D        | Reached skill level 18 in Shields
  2042 | D        | Gained mutation: You resist negative energy. (rN+) [Deep Dwarf growth]
  2042 | D        | Reached XP level 14. HP: 108/157 MP: 20/20
  2044 | D        | HP: 77/157 [ettin/dire flail (31)]
  2048 | D        | Noticed a vampire knight
  2077 | D        | Killed a vampire knight
  2083 | D        | Reached skill level 19 in Armour
  2094 | D        | Reached skill level 19 in Fighting
  2129 | D        | Noticed a vault warden
  2132 | D        | Reached skill level 19 in Invocations
  2140 | D        | Noticed a vault warden
  2153 | D        | Killed a vault warden
  2164 | D        | Killed a vault warden
  2167 | D        | Noticed Geryon
  2187 | D        | Noticed a vault warden
  2199 | D        | Reached skill level 19 in Shields
  2204 | D        | Noticed an ironheart preserver
  2228 | D        | Killed Geryon
  2228 | D        | Reached skill level 20 in Fighting
  2234 | D        | Killed a vault warden
  2234 | D        | Reached skill level 20 in Invocations
  2246 | D        | Killed an ironheart preserver
  2247 | D        | Noticed an orc warlord
  2254 | D        | Reached skill level 20 in Armour
  2261 | D        | Noticed a sphinx
  2269 | D        | Killed an orc warlord
  2275 | D        | Killed a sphinx
  2298 | D        | Noticed a stone giant
  2307 | D        | Killed a stone giant
  2315 | D        | Reached skill level 21 in Fighting
  2315 | D        | Reached skill level 20 in Shields
  2338 | D        | Noticed Agnes
  2346 | D        | Killed Agnes
  2346 | D        | Reached skill level 21 in Invocations
  2578 | D        | Noticed a nagaraja
  2579 | D        | Noticed a nagaraja
  2588 | D        | Reached skill level 1 in Dodging
  2588 | D        | Reached XP level 15. HP: 98/172 MP: 16/19
  2595 | D        | HP: 86/172 [nagaraja/splash of poison (2)]
  2596 | D        | Killed a nagaraja
  2596 | D        | Reached skill level 2 in Dodging
  2598 | D        | Noticed a nagaraja
  2606 | D        | Killed a nagaraja
  2606 | D        | Reached skill level 3 in Dodging
  2616 | D        | HP: 73/172 [naga warrior/battleaxe (15)]
  2623 | D        | Reached skill level 4 in Dodging
  2624 | D        | Killed a nagaraja
  2629 | D        | HP: 75/175 [guardian serpent/bolt of poison (18)]
  2638 | D        | Reached skill level 5 in Dodging
  2646 | D        | Got a serpentine rune of Zot
  2690 | D        | Reached skill level 6 in Dodging
  2696 | D        | Reached skill level 22 in Fighting
  2723 | D        | Reached skill level 22 in Invocations
  2731 | D        | Reached skill level 7 in Dodging
  2748 | D        | Reached skill level 21 in Shields
  2759 | D        | Got a decaying rune of Zot
  2766 | D        | Noticed a ghost moth
  2774 | D        | Noticed a ghost moth
  2787 | D        | Killed a ghost moth
  2787 | D        | Reached skill level 8 in Dodging
  2839 | D        | Reached skill level 9 in Dodging
  2841 | D        | Killed a ghost moth
  2888 | D        | Reached skill level 23 in Fighting
  2907 | D        | Reached skill level 10 in Dodging
  2907 | D        | Reached skill level 23 in Invocations
  2911 | D        | Got a gossamer rune of Zot
  2926 | D        | Noticed Ilsuiw
  3010 | D        | Killed Ilsuiw
  3014 | D        | Reached skill level 11 in Dodging
  3023 | D        | Reached skill level 22 in Shields
  3053 | D        | Got a barnacled rune of Zot
  3090 | D        | Noticed Mara
  3100 | D        | Killed Mara
  3100 | D        | Reached skill level 24 in Fighting
  3100 | D        | Reached skill level 12 in Dodging
  3100 | D        | Reached skill level 24 in Invocations
  3100 | D        | Reached XP level 16. HP: 176/190 MP: 17/21
  3102 | D        | Noticed Frederick
  3122 | D        | HP: 95/190 [Frederick/iron shot (10)]
  3125 | D        | Killed Frederick
  3219 | D        | Reached skill level 13 in Dodging
  3266 | D        | Reached skill level 23 in Shields
  3291 | D        | Reached skill level 25 in Fighting
  3302 | D        | Reached skill level 14 in Dodging
  3311 | D        | Reached skill level 25 in Invocations
  5070 | D        | Noticed a tentacled monstrosity
  5104 | D        | Killed a tentacled monstrosity
  5104 | D        | Reached skill level 15 in Dodging
  5115 | D        | HP: 89/196 [ettin/dire flail (21)]
  5131 | D        | Noticed a shadow dragon
  5143 | D        | Noticed a shadow dragon
  5153 | D        | Reached skill level 26 in Fighting
  5162 | D        | Noticed a sphinx
  5171 | D        | Killed a shadow dragon
  5171 | D        | Reached skill level 24 in Shields
  5171 | D        | Reached skill level 26 in Invocations
  5179 | D        | Killed a shadow dragon
  5188 | D        | Reached skill level 16 in Dodging
  5192 | D        | Killed a sphinx
  5231 | D        | Noticed a shadow dragon
  5231 | D        | Noticed a shadow dragon
  5231 | D        | Noticed a shadow dragon
  5231 | D        | Noticed a titan
  5231 | D        | Noticed a shadow dragon
  5233 | D        | Noticed a shadow dragon
  5241 | D        | Noticed a shadow dragon
  5256 | D        | Killed a shadow dragon
  5257 | D        | Noticed a tentacled monstrosity
  5269 | D        | Killed a titan
  5276 | D        | Killed a shadow dragon
  5283 | D        | Killed a tentacled monstrosity
  5283 | D        | Reached XP level 17. HP: 192/207 MP: 19/19
  5292 | D        | Reached skill level 17 in Dodging
  5309 | D        | Reached skill level 27 in Fighting
  5329 | D        | Reached skill level 27 in Invocations
  5344 | D        | Reached skill level 25 in Shields
  5346 | D        | Got a clouded zirconium amulet
  5347 | D        | Identified the amulet of Geleduz {+Rage rN+ MR+ Dex-4} (You found it in the Dungeon)
  5350 | D        | Got an ancient golden ring
  5352 | D        | Identified the ring "Diem" {Fire +Blink rElec MR++} (You found it in the Dungeon)
  5356 | D        | Got a silver rune of Zot
  5384 | D        | Noticed Louise
  5402 | D        | Killed Louise
  5402 | D        | Reached skill level 18 in Dodging
  5450 | D        | Noticed Sojobo
  5451 | D        | Noticed Jory
  5475 | D        | Reached skill level 19 in Dodging
  5487 | D        | Killed Jory
  5487 | D        | Reached skill level 20 in Dodging
  5495 | D        | Killed Sojobo
  5553 | D        | Got the ring of Dixada {Wiz Str+5 Int+4}
  5555 | D        | Got the ring "Peamuoruge" {rPois rN+ Dex+3 Slay-3 Stlth+}
  5584 | D        | Got the amulet "Seussu" {Regen+ Dex+3}
  5586 | D        | Got the ring of Xadialuc {MR+ Int+3 Dex+7}
  5592 | D        | Got the ring of Balance {Ice rElec Str+2 Slay-5}
  5686 | D        | Noticed Xtahua
  5700 | D        | Killed Xtahua
  5700 | D        | Reached skill level 19 in Axes
  5716 | D        | Noticed Nikola
  5734 | D        | Killed Nikola
  5734 | D        | Reached skill level 21 in Armour
  5734 | D        | Reached skill level 21 in Dodging
  5762 | D        | Noticed Azrael
  5779 | D        | Killed Azrael
  5838 | D        | Reached skill level 20 in Axes
  5913 | D        | Reached skill level 22 in Armour
  5913 | D        | Reached skill level 22 in Dodging
  5955 | D        | Reached skill level 21 in Axes
  6079 | D        | Reached skill level 23 in Armour
  6079 | D        | Reached skill level 23 in Dodging
  6144 | D        | Reached skill level 22 in Axes
  6169 | D        | Gained mutation: You passively map a large area around you. [Deep Dwarf growth]
  6169 | D        | Reached XP level 18. HP: 177/218 MP: 20/20
  6208 | D        | Noticed an electric golem
  6208 | D        | Noticed a tentacled monstrosity
  6218 | D        | Killed a tentacled monstrosity
  6218 | D        | Reached skill level 24 in Armour
  6218 | D        | Reached skill level 24 in Dodging
  6244 | D        | Killed an electric golem
  6244 | D        | Reached skill level 23 in Axes
  6281 | D        | Noticed an electric golem
  6281 | D        | Noticed a tentacled monstrosity
  6286 | D        | Reached skill level 25 in Armour
  6286 | D        | Reached skill level 25 in Dodging
  6290 | D        | Killed a tentacled monstrosity
  6298 | D        | Reached skill level 24 in Axes
  6340 | D        | Killed an electric golem
  6433 | D        | Noticed an Orb Guardian
  6433 | D        | Noticed an Orb Guardian
  6433 | D        | Noticed an Orb Guardian
  6433 | D        | Noticed an Orb Guardian
  6433 | D        | Noticed an Orb Guardian
  6433 | D        | Noticed an Orb Guardian
  6439 | D        | Killed an Orb Guardian
  6439 | D        | Reached skill level 26 in Armour
  6439 | D        | Reached skill level 26 in Dodging
  6447 | D        | Killed an Orb Guardian
  6448 | D        | Noticed an Orb Guardian
  6453 | D        | Noticed an Orb Guardian
  6455 | D        | Killed an Orb Guardian
  6455 | D        | Reached skill level 25 in Axes
  6461 | D        | Killed an Orb Guardian
  6470 | D        | Killed an Orb Guardian
  6474 | D        | Killed an Orb Guardian
  6481 | D        | Killed an Orb Guardian
  6493 | D        | Killed an Orb Guardian
  6494 | D        | Noticed an Orb Guardian
  6495 | D        | Noticed an Orb Guardian
  6501 | D        | Killed an Orb Guardian
  6501 | D        | Reached skill level 26 in Axes
  6501 | D        | Reached skill level 27 in Armour
  6501 | D        | Reached skill level 27 in Dodging
  6514 | D        | Killed an Orb Guardian
  6520 | D        | Noticed an Orb Guardian
  6520 | D        | Noticed an Orb Guardian
  6537 | D        | Reached skill level 27 in Axes
  6537 | D        | Reached skill level 2 in Spellcasting
  6538 | D        | Noticed an Orb Guardian
  6545 | D        | Killed an Orb Guardian
  6545 | D        | Reached skill level 3 in Spellcasting
  6556 | D        | Killed an Orb Guardian
  6556 | D        | Reached skill level 5 in Spellcasting
  6573 | D        | Killed an Orb Guardian
  6573 | D        | Reached skill level 6 in Spellcasting
  6583 | D        | Noticed an Orb Guardian
  6594 | D        | Killed an Orb Guardian
  6594 | D        | Reached skill level 26 in Shields
  6594 | D        | Reached skill level 7 in Spellcasting
  6600 | D        | Noticed an ancient lich
  6606 | D        | Killed an ancient lich
  6606 | D        | Reached skill level 9 in Spellcasting
  6606 | D        | Reached XP level 19. HP: 226/226 MP: 21/21
  6609 | D        | Noticed an orb of fire
  6610 | D        | Gained mutation: You have an increased reservoir of magic. (+10% MP) [an orb of fire]
  6621 | D        | Gained mutation: Armour fits poorly on your strangely shaped body. [an orb of fire]
  6622 | D        | Killed an orb of fire
  6622 | D        | Reached skill level 27 in Shields
  6622 | D        | Reached skill level 11 in Spellcasting
  6654 | D        | Noticed an electric golem
  6672 | D        | Killed an electric golem
  6672 | D        | Reached skill level 12 in Spellcasting
  6675 | D        | Noticed an electric golem
  6675 | D        | Noticed an electric golem
  6683 | D        | Reached skill level 13 in Spellcasting
  6690 | D        | Killed an electric golem
  6690 | D        | Reached skill level 14 in Spellcasting
  6691 | D        | Noticed an orb of fire
  6693 | D        | Noticed a Killer Klown
  6706 | D        | Noticed an electric golem
  6715 | D        | Gained mutation: You are clumsy. (Dex -2) [an orb of fire]
  6716 | D        | Gained mutation: You are very clumsy. (Dex -4) [an orb of fire]
  6719 | D        | Gained mutation: You are frail. (-10% HP) [an orb of fire]
  6733 | D        | Gained mutation: You tend to lose your temper in combat. [an orb of fire]
  6734 | D        | Killed an orb of fire
  6734 | D        | Reached skill level 16 in Spellcasting
  6743 | D        | Reached skill level 17 in Spellcasting
  6754 | D        | HP: 86/203 [Orb Guardian (16)]
  6772 | D        | Killed a Killer Klown
  6772 | D        | Reached skill level 18 in Spellcasting
  6776 | D        | Killed an electric golem
  6776 | D        | Reached skill level 19 in Spellcasting
  6782 | D        | Killed an electric golem
  6822 | D        | Noticed an electric golem
  6829 | D        | Reached skill level 20 in Spellcasting
  6852 | D        | Killed an electric golem
  6886 | D        | Reached skill level 21 in Spellcasting
  6905 | D        | HP: 87/203 [Orb Guardian (17)]
  6913 | D        | Reached skill level 22 in Spellcasting
  6937 | D        | Reached skill level 23 in Spellcasting
  6973 | D        | Reached skill level 24 in Spellcasting
  7076 | D        | Noticed a lich
  7082 | D        | Killed a lich
  7082 | D        | Reached skill level 25 in Spellcasting
  7083 | D        | Reached XP level 20. HP: 212/212 MP: 20/36
  7104 | D        | Reached skill level 26 in Spellcasting
  7202 | D        | Reached skill level 27 in Spellcasting
  7202 | D        | Reached skill level 5 in Evocations
  7208 | D        | Reached skill level 8 in Evocations
  7210 | D        | Reached skill level 10 in Evocations
  7212 | D        | Reached skill level 12 in Evocations
  7216 | D        | Reached skill level 13 in Evocations
  7220 | D        | Reached skill level 14 in Evocations
  7223 | D        | Reached skill level 15 in Evocations
  7235 | D        | Reached skill level 16 in Evocations
  7241 | D        | Reached skill level 17 in Evocations
  7255 | D        | Reached skill level 18 in Evocations
  7278 | D        | Got an elven rune of Zot
  7293 | D        | Reached skill level 19 in Evocations
  7297 | D        | Reached skill level 20 in Evocations
  7305 | D        | Reached skill level 21 in Evocations
  7306 | D        | Noticed the Royal Jelly
  7309 | D        | Paralysed by a floating eye for 4 turns
  7333 | D        | Reached skill level 22 in Evocations
  7334 | D        | Paralysed by a floating eye for 4 turns
  7340 | D        | Paralysed by a floating eye for 4 turns
  7350 | D        | Paralysed by a floating eye for 2 turns
  7356 | D        | Paralysed by a floating eye for 3 turns
  7356 | D        | Reached skill level 23 in Evocations
  7363 | D        | Paralysed by a floating eye for 3 turns
  7375 | D        | Reached skill level 24 in Evocations
  7375 | D        | Paralysed by a floating eye for 4 turns
  7405 | D        | HP: 88/212 [acid blob[the Royal Jelly] (28)]
  7407 | D        | Killed the Royal Jelly
  7407 | D        | Reached skill level 27 in Evocations
  7407 | D        | Reached skill level 2 in Throwing
  7407 | D        | Reached skill level 5 in Stealth
  7407 | D        | Reached skill level 2 in Unarmed Combat
  7421 | D        | Reached skill level 3 in Throwing
  7421 | D        | Reached skill level 7 in Stealth
  7421 | D        | Reached skill level 3 in Unarmed Combat
  7425 | D        | Reached skill level 4 in Throwing
  7425 | D        | Reached skill level 8 in Stealth
  7425 | D        | Reached skill level 4 in Unarmed Combat
  7446 | D        | Got a slimy rune of Zot
  7457 | D        | Reached skill level 9 in Stealth
  7460 | D        | Reached skill level 5 in Throwing
  7460 | D        | Reached skill level 10 in Stealth
  7460 | D        | Reached skill level 5 in Unarmed Combat
  7572 | D        | Reached skill level 11 in Stealth
  7576 | D        | Reached skill level 6 in Throwing
  7576 | D        | Reached skill level 12 in Stealth
  7576 | D        | Reached skill level 6 in Unarmed Combat
  7589 | D        | Reached skill level 7 in Throwing
  7589 | D        | Reached skill level 13 in Stealth
  7589 | D        | Reached skill level 7 in Unarmed Combat
  7595 | D        | HP: 97/212 [sphinx/divine providence (11)]
  7602 | D        | Reached skill level 14 in Stealth
  7613 | D        | Reached skill level 8 in Throwing
  7613 | D        | Reached skill level 15 in Stealth
  7613 | D        | Reached skill level 8 in Unarmed Combat
  7620 | D        | Reached skill level 16 in Stealth
  7630 | D        | Reached skill level 9 in Throwing
  7630 | D        | Reached skill level 17 in Stealth
  7630 | D        | Reached skill level 9 in Unarmed Combat
  7643 | D        | Reached XP level 21. HP: 155/219 MP: 34/34
  7670 | D        | Reached skill level 18 in Stealth
  7684 | D        | Reached skill level 10 in Throwing
  7684 | D        | Reached skill level 10 in Unarmed Combat
  7716 | D        | Reached skill level 19 in Stealth
  7733 | D        | HP: 92/219 [flayed ghost/flay_damage[a mummy priest] (25)]
  7770 | D        | Noticed a greater mummy
  7770 | D        | Noticed a greater mummy
  7770 | D        | Noticed a greater mummy
  7770 | D        | Noticed a greater mummy
  7776 | D        | Killed a greater mummy
  7776 | D        | Reached skill level 11 in Throwing
  7776 | D        | Reached skill level 20 in Stealth
  7776 | D        | Reached skill level 11 in Unarmed Combat
  7779 | D        | Killed a greater mummy
  7779 | D        | Reached skill level 12 in Throwing
  7779 | D        | Reached skill level 21 in Stealth
  7779 | D        | Reached skill level 12 in Unarmed Combat
  7784 | D        | Killed a greater mummy
  7784 | D        | Reached skill level 22 in Stealth
  7786 | D        | Noticed a greater mummy
  7791 | D        | Killed a greater mummy
  7791 | D        | Reached skill level 13 in Throwing
  7791 | D        | Reached skill level 23 in Stealth
  7791 | D        | Reached skill level 13 in Unarmed Combat
  7794 | D        | HP: 106/219 [greater mummy/divine providence (6)]
  7799 | D        | Killed a greater mummy
  7799 | D        | Reached skill level 24 in Stealth
  7810 | D        | Got a golden rune of Zot
  7923 | D        | Reached skill level 14 in Throwing
  7923 | D        | Reached skill level 14 in Unarmed Combat
  7927 | D        | Got an abyssal rune of Zot
  8053 | D        | Noticed Ereshkigal
  8053 | D        | Noticed Dispater
  8054 | D        | Noticed Antaeus
  8061 | D        | HP: 81/219 [Dispater/iron shot (49)]
  8066 | D        | Noticed Mnoleg
  8067 | D        | HP: 52/219 [Dispater/golden staff (29)]
  8080 | D        | HP: 97/219 [??? (45)]
  8083 | D        | Killed Dispater
  8083 | D        | Reached skill level 25 in Stealth
  8089 | D        | HP: 87/219 [???[Ereshkigal] (42)]
  8098 | D        | HP: 108/219 [Antaeus/bolt of lightning (5)]
  8101 | D        | HP: 51/219 [Antaeus (11)]
  8107 | D        | HP: 89/219 [???[Ereshkigal] (43)]
  8110 | D        | HP: 43/219 [Antaeus (22)]
  8115 | D        | HP: 68/219 [??? (32)]
  8120 | D        | HP: 50/219 [??? (21)]
  8125 | D        | HP: 89/219 [tentacled monstrosity[Mnoleg] (5)]
  8131 | D        | HP: 92/219 [Antaeus/flash freeze (21)]
  8135 | D        | HP: 43/219 [Antaeus/bolt of lightning (3)]
  8140 | D        | HP: 89/219 [??? (43)]
  8145 | D        | HP: 65/219 [Antaeus/flash freeze (24)]
  8148 | D        | HP: 16/219 [Antaeus (61)]
  8148 | D        | Slain by Antaeus

Vanquished Creatures
  the Royal Jelly (D)
  2 orbs of fire (D)
  Dispater (D)
  Mara (D)
  An ancient lich (D)
  5 greater mummies (D)
  Sojobo (D)
  A Killer Klown (D)
  Xtahua (D)
  Frederick (D)
  Geryon (D)
  Nikola (D)
  Jory (D)
  7 electric golems (D)
  4 tentacled monstrosities (D)
  3 liches (D)
  30 Orb Guardians (D)
  A titan (D)
  3 deep elf blademasters (D)
  2 deep elf master archers (D)
  A quicksilver dragon (D)
  8 acid blobs (D)
  4 death cobs (D)
  14 sphinxes (D)
  Agnes (D)
  8 shadow dragons (D)
  3 tengu reavers (D)
  4 storm dragons (D)
  A draconian monk (D)
  Donald (D)
  A fire giant (D)
  Ilsuiw (D)
  3 nagarajas (D)
  3 azure jellies (D)
  6 ghost moths (D)
  4 deep elf sorcerers (D)
  3 vault wardens (D)
  Louise (D)
  2 draconian shifters (D)
  An orc warlord (D)
  A draconian scorcher (D)
  2 ironheart preservers (D)
  7 emperor scorpions (D)
  A draconian stormcaller (D)
  4 stone giants (D)
  2 draconian annihilators (D)
  A very ugly thing (D)
  10 vampire knights (D)
  A starcursed mass (D)
  2 red draconians (D)
  2 dire elephants (D)
  An entropy weaver (D)
  3 deep elf annihilators (D)
  3 green draconians (D)
  A deep elf demonologist (D)
  4 black draconians (D)
  2 white draconians (D)
  4 yellow draconians (D)
  A purple draconian (D)
  Azrael (D)
  2 spark wasps (D)
  A deep elf death mage (D)
  4 fire dragons (D)
  4 merfolk impalers (D)
  4 ettins (D)
  4 mummy priests (D)
  2 merfolk javelineers (D)
  5 death oozes (D)
  A deep elf high priest (D)
  4 great orbs of eyes (D)
  9 ogre magi (D)
  5 naga warriors (D)
  25 vault guards (D)
  4 yaktaur captains (D)
  8 hydras (D)
  2 ice dragons (D)
  A spriggan air mage (D)
  A ghost crab (D)
  3 rakshasas (D)
  An alligator snapping turtle (D)
  2 merfolk aquamancers (D)
  A centaur warrior (D)
  A merfolk avatar (D)
  An anaconda (D)
  An orc high priest (D)
  3 deep troll earth magi (D)
  A spriggan berserker (D)
  A vampire mage (D)
  A large abomination (D)
  3 naga sharpshooters (D)
  Urug (D)
  2 shadow wraiths (D)
  A sea snake (D)
  A small abomination (D)
  A skeletal warrior (D)
  An unseen horror (D)
  6 swamp dragons (D)
  A glowing orange brain (D)
  5 deep trolls (D)
  An ironbrand convoker (D)
  A harpy (D)
  5 orc knights (D)
  2 wizards (D)
  A wolf spider (D)
  An orb spider (D)
  2 ugly things (D)
  A cyclops (D)
  2 manticores (D)
  10 moths of wrath (D)
  A worldbinder (D)
  A guardian serpent (shapeshifter) (D)
  3 vault sentinels (D)
  6 elephants (D)
  2 guardian serpents (D)
  Psyche (D)
  3 black mambas (D)
  2 naga magi (D)
  3 spiny frogs (D)
  A komodo dragon (D)
  19 guardian mummies (D)
  2 demonic crawlers (D)
  A wandering mushroom (D)
  2 yaktaurs (D)
  3 merfolk (D)
  A jumping spider (shapeshifter) (D)
  A jumping spider (D)
  2 hornets (D)
  4 trolls (D)
  2 slime creatures (D)
  A raiju (shapeshifter) (D)
  2 hippogriffs (D)
  2 snapping turtles (D)
  2 bog bodies (D)
  11 spriggans (D)
  A shadow (D)
  5 redbacks (D)
  A tarantella (D)
  2 basilisks (D)
  2 yaks (D)
  2 fire elementals (D)
  A golden eye (D)
  A soldier ant (D)
  An acid dragon (D)
  4 nagas (D)
  A water moccasin (D)
  2 floating eyes (D)
  A porcupine (D)
  2 hell hounds (D)
  12 orc warriors (D)
  2 ice beasts (D)
  An eye of draining (D)
  4 crocodiles (D)
  2 big kobolds (D)
  7 bullfrogs (D)
  A crimson imp (D)
  6 orc priests (D)
  2 quasits (D)
  2 orc wizards (D)
  An adder (D)
  An ufetubus (D)
  An adder zombie (D)
  2 leopard geckos (D)
  5 orcs (D)
  3 bat zombies (D)
  A ball python skeleton (D)
  2 bats (D)
  A kobold (D)
  A rat (D)
502 creatures vanquished.

Vanquished Creatures (collateral kills)
  4 acid blobs (D)
  An azure jelly (D)
  3 merfolk impalers (D)
  A swamp drake (D)
9 creatures vanquished.

Vanquished Creatures (others)
  3 spiny frogs (D)
  A komodo dragon (D)
  A slime creature (D)
5 creatures vanquished.

Grand Total: 516 creatures vanquished

Table legend:
 A = Turns spent in this place as a percentage of turns spent in the entire game.
 B = Non-inter-level travel turns spent in this place as a percentage of non-inter-level travel turns spent in the entire game.
 C = Inter-level travel turns spent in this place as a percentage of turns spent in this place.
 D = Turns resting spent in this place as a percentage of non-inter-level travel turns spent in this place.
 E = Turns spent auto-exploring this place as a percentage of non-inter-level travel turns spent in this place.
 F = Non-inter-level travel turns spent in this place divided by the number of levels of this place that you've seen.
                   A       B       C       D       E      F
               +-------+-------+-------+-------+-------+----------------------
         Total | 100.0 | 100.0 |  20.0 |   5.1 |  28.7 | 6515.0
       Dungeon | 100.0 | 100.0 |  20.0 |   5.1 |  28.7 | 6515.0
               +-------+-------+-------+-------+-------+----------------------
